 Dungeon Crawl Stone Soup version 0.21.1-1-g345015f (webtiles) character file.

64725 letownia2 the Devastator (level 15, -1/86 HPs)
             Began as a Tengu Conjurer on Mar 5, 2018.
             Was the Champion of Cheibriados.
             Killed from afar by Nikola (25 damage)
             ... with a chain lightning
             ... on level 1 of the Swamp.
             The game lasted 01:30:07 (8827 turns).

letownia2 the Devastator (Tengu Conjurer)           Turns: 8827, Time: 01:30:08

Health: -1/86      AC: 16    Str: 23    XL:     15   Next: 14%
Magic:  12/39      EV: 19    Int: 41    God:    Cheibriados [******]
Gold:   112        SH:  0    Dex: 31    Spells: 2/32 levels left

rFire    . . .     SeeInvis +   a - +3 halberd of Epuir {venom, rF+ SInv Stlth+}
rCold    + . .     Gourm    .   (shield currently unavailable)
rNeg     . . .     Faith    .   B - +1 plate armour {rPois}
rPois    +         Spirit   .   q - +3 hat of Pondering {ponderous, MR+ MP+10 Int+5}
rElec    .         Reflect  .   (no cloak)
rCorr    .         Harm     .   (no gloves)
MR       ++...                  (boots unavailable)
Stlth    ..........             (no amulet)
HPRegen  0.24/turn              h - ring of poison resistance
MPRegen  0.26/turn              f - ring of ice

@: flying quickly and evasively, very slightly contaminated, invisible, very
slow
A: beak, talons 3, able to fly 2
a: Stop Flying, Bend Time, Temporal Distortion, Slouch, Step From Time, Renounce
Religion


You were on level 1 of the Swamp.
You worshipped Cheibriados.
Cheibriados was exalted by your worship.
You were very hungry.

You visited 5 branches of the dungeon, and saw 22 of its levels.
You also visited: Bailey and Ice Cave.

You collected 1354 gold pieces.
You spent 1242 gold pieces at shops.

Inventory:

Hand Weapons
 a - the +3 halberd of Epuir (weapon) {venom, rF+ SInv Stlth+}
   (You found it in a bailey)

   It poisons the flesh of those it strikes.
   It protects you from fire.
   It lets you see invisible.
   It makes you more stealthy.
 c - a +1 blowgun
 j - a +0 scimitar of flaming
 M - a +3 dagger
Missiles
 x - 24 poisoned needles
 I - a poisoned tomahawk (quivered)
Armour
 q - the +3 hat of Pondering (worn) {ponderous, MR+ MP+10 Int+5}
   (You took it off Gastronok on level 3 of the Lair of Beasts)

   It affects your intelligence (+5).
   It affects your resistance to hostile enchantments.
   It affects your magic capacity (+10).
 r - a +0 chain mail
 u - the +5 ring mail "Moakaj" {Str+2}
   (You acquired it on level 2 of the Orcish Mines)

   It affects your strength (+2).
 B - a +1 plate armour of poison resistance (worn)
 S - a +0 buckler
Magical Staves
 b - an uncursed staff of wizardry
Jewellery
 f - a ring of ice (right hand)
 g - an uncursed ring of ice
 h - a ring of poison resistance (left hand)
 T - an uncursed amulet of guardian spirit
Wands
 m - a wand of clouds (2)
 F - a wand of paralysis (6)
 O - a wand of polymorph (10)
 V - a wand of iceblast (2)
Scrolls
 d - 2 scrolls of remove curse
 e - a scroll of enchant weapon
 k - 2 scrolls of magic mapping
 n - 3 scrolls of teleportation
 o - a scroll of amnesia
 p - a scroll of enchant armour
 t - a scroll of identify
 y - 2 scrolls of fear
 E - 2 scrolls of fog
 H - 2 scrolls of blinking
 K - a scroll of summoning
Potions
 l - 3 potions of agility
 s - 3 potions of resistance
 v - a potion of cancellation
 w - a potion of lignification
 z - 2 potions of curing
 C - a potion of brilliance
 D - 3 potions of might
 G - 6 potions of magic
 J - 2 potions of haste
 N - a potion of mutation
 P - a potion of invisibility
 Q - 2 potions of berserk rage
 R - a potion of flight
Books
 i - a book of Necromancy

   Spells                             Type                      Level
   a - Pain                           Necromancy                   1
   b - Animate Skeleton               Necromancy                   1
   c - Vampiric Draining              Necromancy                   3
   d - Regeneration                   Charms/Necromancy            3
   e - Animate Dead                   Necromancy                   4
   f - Borgnjor's Vile Clutch         Necromancy/Earth             5
Comestibles
 A - 23 rations


   Skills:
 + Level 7.2 Fighting
 + Level 5.9 Armour
 - Level 11.0 Dodging
 - Level 2.0 Stealth
 - Level 9.1 Spellcasting
 - Level 18.3 Conjurations
 - Level 1.6 Hexes
 - Level 3.3 Charms
 + Level 4.6 Necromancy
 - Level 4.3 Translocations
 - Level 1.4 Fire Magic
 - Level 3.3 Air Magic
 - Level 1.8 Poison Magic
 - Level 8.9 Invocations
 - Level 1.4 Evocations


You had 2 spell levels left.
You knew the following spells:

 Your Spells              Type           Power        Failure   Level  Hunger
a - Magic Dart            Conj           ####         0%          1    None
b - Blink                 Tloc           N/A          8%          2    None
c - Conjure Flame         Conj/Fire      #######.     1%          3    None
d - Iskenderun's Mystic   Conj           ########     1%          4    None
e - Mephitic Cloud        Conj/Pois/Air  ######..     3%          3    None
f - Force Lance           Conj/Tloc      #######.     2%          4    None
g - Regeneration          Chrm/Necr      ######....   17%         3    None
l - Searing Ray           Conj           ######       1%          2    None
p - Fulminant Prism       Conj/Hex       #######...   4%          4    None
x - Dazzling Spray        Conj/Hex       ######       1%          3    None
z - Summon Butterflies    Summ           ###.....     30%         1    None


Dungeon Overview and Level Annotations

Branches:
Dungeon (12/15)            Temple (1/1) D:5            Lair (6/6) D:11
  Swamp (1/4) Lair:4       Spider (0/4) Lair:4          Orc (2/2) D:11
    Elf (0/3) Orc:2
  Slime: Lair:5-6

Altars:
Cheibriados
Dithmenos
Elyvilon
Fedhas
Gozag
Hepliaklqana
Kikubaaqudgha
Makhleb
Nemelex Xobeh
Okawaru
Qazlal
Ru
Sif Muna
Uskayaw
Vehumet
Wu Jian
Xom
Zin
The Shining One

Shops:
D:4 :   D:8 }%[   Orc:2 !?}?}

Annotations:
D:3 letownia2's ghost, weakling TeFE
Swamp:1 Nikola


Innate Abilities, Weirdness & Mutations

You have a beak for a mouth.
You have claws for feet.
You can fly continuously.


Message History

Unknown command.
Unknown command.
Casting: Summon Butterflies
Confirm with . or Enter, or press ? or * to list all spells.
Aiming: Iskenderun's Mystic Blast
Press: ? - help, Shift-Dir - straight line, f/p - Nikola
Aim: Nikola, wielding a rapier of electrocution, wearing a cloak and wearing a pair of gloves (heavily wounded)
The orb of energy hits Nikola.
Nikola is severely wounded.
The orb of energy explodes!
Nikola gestures wildly while chanting.
You hear a mighty clap of thunder!
The lightning arc hits your butterfly.
Your butterfly dies!
The lightning arc hits your butterfly.
Your butterfly dies!
The lightning arc hits you!
* * * LOW HITPOINT WARNING * * *
The lightning arc hits Nikola.
The lightning arc hits you!
You die...

.≈...≈.≈≈....
≈..≈≈.≈§≈.≈≈
♣..≈≈..≈♣.≈≈
♣♣♣≈§......≈≈≈
♣≈......≈≈≈≈≈≈
♣..≈†..≈≈≈≈≈≈
♣♣...♣...≈≈...
♣≈.≈≈≈@≈.≈≈...
♣♣.≈≈≈<≈.≈≈≈.≈
♣♣.≈≈b♣.....≈
♣♣≈≈♣♣♣♣.@♣♣
♣♣♣ ♣♣


You could see Nikola.

Vanquished Creatures
  Gastronok (Lair:3)
  An orc warlord (Bailey)
  The ghost of Baghtru the Cleaver, a journeyman HOFi of the Shining One (Lair:2)
  Snorg (Lair:3)
  Fannar (Orc:1)
  3 hydras
  Erica (Lair:2)
  3 two-headed ogres
  4 orc high priests
  Nergalle (Lair:3)
  A wolf spider zombie (D:11)
  4 orc knights
  An ugly thing (IceCv)
  2 orc sorcerers
  3 black mambas
  3 spiny frogs
  A torpor snail (Lair:6)
  3 rime drakes
  4 komodo dragons
  A kobold demonologist (D:9)
  2 ice devils (D:11)
  5 trolls
  4 polar bears
  3 hippogriffs
  3 hornets
  17 blink frogs
  2 centaur simulacra (D:11)
  The ghost of letownia2 the Conjurer, an amateur TeCj of Cheibriados (D:9)
  A wraith (D:10)
  A wyvern (Lair:6)
  A water elemental (D:11)
  A spriggan (D:7)
  15 yaks
  2 hungry ghosts
  2 steam dragons (Lair:3)
  4 wargs
  5 water moccasins
  5 porcupines
  15 ice beasts
  3 sky beasts
  51 orc warriors
  2 phantoms
  13 ogres
  14 centaurs
  A necrophage (D:11)
  7 wolves
  5 crocodiles
  Blork the orc (D:4)
  2 big kobolds
  12 bullfrogs
  5 scorpions
  8 killer bees
  5 electric eels
  A howler monkey (D:5)
  5 crimson imps
  A centaur zombie (D:8)
  A wyvern simulacrum (D:11)
  A quasit (D:7)
  A jelly (D:9)
  6 hounds
  2 iguanas
  14 orc priests
  13 orc wizards
  A centaur skeleton (D:4)
  2 bullfrog skeletons
  6 worker ants
  A hound zombie (D:8)
  A worker ant zombie (D:8)
  9 adders
  5 gnolls
  2 shadow imps
  3 white imps (D:11)
  A worker ant simulacrum (D:11)
  2 adder skeletons (D:8)
  An adder zombie (D:9)
  A worm (D:3)
  6 leopard geckos
  91 orcs
  2 ball pythons
  8 goblins
  6 hobgoblins
  2 jackals (D:5)
  27 kobolds
  3 quokkas
  2 bats
  5 frilled lizards
  A giant cockroach zombie (D:5)
  A quokka skeleton (D:6)
  A quokka zombie (D:9)
  A rat (D:3)
494 creatures vanquished.

Vanquished Creatures (others)
  A bog body (Swamp:1)
  4 fulminant prisms
  2 fungi
  3 plants (D:11)
10 creatures vanquished.

Grand Total: 504 creatures vanquished

Notes
Turn   | Place    | Note
-------+----------+-------------------------------------------
     0 | D:1      | letownia2 the Tengu Conjurer began the quest for the Orb.
     0 | D:1      | Reached XP level 1. HP: 10/10 MP: 4/4
    62 | D:2      | Reached XP level 2. HP: 15/15 MP: 0/6
    92 | D:2      | Reached skill level 6 in Conjurations
   227 | D:2      | Reached XP level 3. HP: 19/19 MP: 0/7
   308 | D:3      | Learned a level 2 spell: Searing Ray
   410 | D:3      | Noticed letownia2's ghost (weakling TeFE)
   522 | D:2      | Reached XP level 4. HP: 18/24 MP: 0/9
   704 | D:4      | Noticed Blork the orc
   808 | D:4      | Gained mutation: You can fly. [Tengu growth]
   808 | D:4      | Reached XP level 5. HP: 12/28 MP: 4/11
   843 | D:4      | Learned a level 3 spell: Dazzling Spray
   848 | D:4      | Found Kegecixzyf's Book Shop.
   923 | D:4      | Killed Blork the orc
   923 | D:4      | Reached skill level 7 in Conjurations
   983 | D:4      | Reached skill level 8 in Conjurations
   983 | D:4      | Reached XP level 6. HP: 18/32 MP: 7/12
  1073 | D:4      | Reached skill level 1 in Armour
  1102 | D:4      | Reached skill level 1 in Fighting
  1234 | D:4      | Reached skill level 1 in Hexes
  1234 | D:4      | Reached XP level 7. HP: 28/38 MP: 1/14
  1405 | D:4      | Learned a level 4 spell: Iskenderun's Mystic Blast
  1406 | D:5      | Entered Level 5 of the Dungeon
  1770 | D:5      | Reached XP level 8. HP: 45/45 MP: 9/15
  1806 | D:4      | Bought a book of Minor Magic for 220 gold pieces
  1810 | D:4      | Learned a level 3 spell: Conjure Flame
  1814 | D:4      | Learned a level 3 spell: Mephitic Cloud
  1858 | D:5      | Found a staircase to the Ecumenical Temple.
  1864 | Temple   | Entered the Ecumenical Temple
  1915 | Temple   | Became a worshipper of Cheibriados the Contemplative
  1948 | D:5      | Reached skill level 1 in Air Magic
  2086 | D:6      | Reached skill level 1 in Fire Magic
  2099 | D:6      | Found a sand-covered staircase.
  2147 | D:6      | Reached skill level 5 in Spellcasting
  2185 | D:6      | Reached * piety under Cheibriados
  2226 | D:7      | Noticed a spriggan baker
  2230 | D:7      | Killed a spriggan baker
  2230 | D:7      | Reached skill level 9 in Conjurations
  2466 | D:7      | Reached skill level 1 in Invocations
  2540 | D:7      | Reached skill level 10 in Conjurations
  2540 | D:7      | Reached XP level 9. HP: 41/49 MP: 2/17
  2573 | D:7      | Found a flagged portal.
  2583 | D:7      | Learned a level 2 spell: Blink
  2590 | Bailey   | Entered a bailey
  2621 | Bailey   | Noticed an orc warlord
  2707 | Bailey   | Reached ** piety under Cheibriados
  2725 | Bailey   | Reached skill level 1 in Translocations
  2725 | Bailey   | Reached skill level 1 in Poison Magic
  2840 | Bailey   | Found a runed gate.
  2842 | Bailey   | Found a runed gate.
  2844 | Bailey   | Found a runed gate.
  2917 | Bailey   | Killed an orc warlord
  2917 | Bailey   | Reached skill level 5 in Dodging
  2958 | Bailey   | Got a twisted halberd
  2959 | Bailey   | Identified the +3 halberd of Epuir {venom, rF+ SInv Stlth+} (You found it in a bailey)
  3015 | D:7      | Reached XP level 10. HP: 47/56 MP: 18/20
  3057 | D:8      | Found Cate's Armour Emporium.
  3073 | D:8      | Reached skill level 11 in Conjurations
  3114 | D:8      | Noticed a two-headed ogre
  3118 | D:8      | Noticed a two-headed ogre
  3151 | D:8      | Found a glowing silver altar of Zin.
  3212 | D:8      | Reached *** piety under Cheibriados
  3244 | D:8      | Found Noppit's Gadget Shop.
  3369 | D:8      | Killed a two-headed ogre
  3392 | D:8      | Killed a two-headed ogre
  3392 | D:8      | Reached skill level 5 in Fighting
  3402 | D:8      | Found Geogituw's Food Shop.
  3582 | D:8      | Found a hazy altar of Hepliaklqana.
  3582 | D:8      | Found a faded altar of an unknown god.
  3589 | D:8      | Found a faded altar of an unknown god.
  3591 | D:8      | Found an ornate altar of the Wu Jian Council.
  3592 | D:8      | Found a sacrificial altar of Ru.
  3694 | D:9      | Noticed a kobold demonologist
  3726 | D:9      | Reached **** piety under Cheibriados
  3752 | D:9      | Killed a kobold demonologist
  3777 | D:9      | Reached skill level 12 in Conjurations
  3777 | D:9      | Reached XP level 11. HP: 54/64 MP: 9/22
  4033 | D:9      | Found an iron altar of Okawaru.
  4083 | D:9      | Noticed letownia2's ghost (amateur TeCj)
  4097 | D:9      | Killed letownia2's ghost
  4348 | D:9      | Reached skill level 13 in Conjurations
  4353 | D:9      | Reached ***** piety under Cheibriados
  4449 | D:9      | Reached skill level 10 in Dodging
  4449 | D:9      | Reached skill level 14 in Conjurations
  4449 | D:9      | Reached skill level 5 in Invocations
  4449 | D:9      | Reached XP level 12. HP: 55/69 MP: 24/24
  4450 | D:9      | Reached skill level 15 in Conjurations
  4450 | D:9      | Reached XP level 13. HP: 59/74 MP: 25/25
  4456 | D:9      | Learned a level 4 spell: Force Lance
  4457 | D:10     | Entered Level 10 of the Dungeon
  4618 | D:11     | Learned a level 4 spell: Fulminant Prism
  4697 | D:11     | Found a frozen archway.
  4738 | IceCv    | Entered an ice cave
  4777 | IceCv    | Found a transporter.
  5079 | D:11     | Reached skill level 16 in Conjurations
  5079 | D:11     | Reached skill level 1 in Evocations
  5085 | D:11     | Found a staircase to the Lair.
  5113 | Lair:1   | Entered Level 1 of the Lair of Beasts
  5176 | Lair:2   | Noticed Baghtru's ghost (journeyman HOFi)
  5378 | Lair:2   | Noticed Erica
  5393 | Lair:2   | Killed Erica
  5393 | Lair:2   | Gained mutation: You can fly continuously. [Tengu growth]
  5393 | Lair:2   | Reached XP level 14. HP: 49/79 MP: 6/26
  5519 | Lair:2   | Reached skill level 17 in Conjurations
  5550 | Lair:3   | Noticed Nergalle
  5571 | Lair:3   | Killed Nergalle
  5579 | Lair:3   | Reached ****** piety under Cheibriados
  5772 | Lair:6   | Entered Level 6 of the Lair of Beasts
  5931 | Lair:4   | Found a hole to the Spider Nest.
  5959 | Lair:4   | Found a staircase to the Swamp.
  5971 | Lair:4   | Reached skill level 18 in Conjurations
  5998 | Lair:3   | Noticed Snorg
  5999 | Lair:3   | Noticed Gastronok
  6137 | Lair:3   | Killed Snorg
  6152 | Lair:2   | Killed Baghtru's ghost
  6428 | D:11     | Found a staircase to the Orcish Mines.
  6437 | Orc:1    | Entered Level 1 of the Orcish Mines
  6437 | Orc:1    | Noticed Fannar
  6450 | Orc:1    | Killed Fannar
  6473 | D:11     | Reached skill level 5 in Armour
  7424 | Lair:3   | Killed Gastronok
  7449 | Lair:3   | Learned a level 3 spell: Regeneration
  7591 | Orc:1    | Reached skill level 1 in Necromancy
  7591 | Orc:1    | Reached skill level 1 in Charms
  7728 | Orc:2    | Entered Level 2 of the Orcish Mines
  7809 | Orc:2    | Found a staircase to the Elven Halls.
  7853 | Orc:2    | Found Ecwotz's Distillery.
  8020 | Orc:2    | Reached XP level 15. HP: 86/86 MP: 11/28
  8399 | Orc:2    | Found Yfofearph's Magic Scroll Shop.
  8399 | Orc:2    | Found Icarareb's Gadget Emporium.
  8401 | Orc:2    | Found Faeffesh's Magic Scroll Shoppe.
  8403 | Orc:2    | Found Zuaty's Gadget Boutique.
  8410 | Orc:2    | Bought a scroll of teleportation for 51 gold pieces
  8413 | Orc:2    | Bought a scroll of acquirement for 624 gold pieces
  8414 | Orc:2    | Got a slimy ring mail
  8425 | Orc:2    | Identified the +5 ring mail "Moakaj" {Str+2} (You acquired it on level 2 of the Orcish Mines)
  8428 | Orc:2    | Bought a scroll of fear for 59 gold pieces
  8428 | Orc:2    | Bought a scroll of blinking for 127 gold pieces
  8428 | Orc:2    | Bought a scroll of summoning for 161 gold pieces
  8630 | Swamp:1  | Entered Level 1 of the Swamp
  8630 | Swamp:1  | Noticed Nikola
  8725 | D:11     | Learned a level 1 spell: Summon Butterflies
  8827 | Swamp:1  | Killed from afar by Nikola

Skill      XL: |  1  2  3  4  5  6  7  8  9 10 11 12 13 14 15 |
---------------+----------------------------------------------+-----
Conjurations   | 6 8 10 12 14 15 16 18 | 18.3
Spellcasting   | 3 4 5 6 7 8 9 |  9.1
Armour         | 1 2 5 |  5.9
Fighting       | 1 2 3 5 7 |  7.2
Hexes          | 1 |  1.6
Dodging        | 3 5 6 10 11 | 11.0
Air Magic      | 3 |  3.3
Fire Magic     | 1 |  1.4
Invocations    | 2 5 8 |  8.9
Translocations | 3 4 |  4.3
Poison Magic   | 1 |  1.8
Evocations     | 1 |  1.4
Necromancy     | 3 4 |  4.6
Charms         | 2 3 |  3.3
Stealth        | |  2.0

Action                   |  1- 3 |  4- 6 |  7- 9 | 10-12 | 13-15 || total
-------------------------+-------+-------+-------+-------+-------++-------
Melee: Kick              |     2 |     3 |     9 |    33 |   185 ||   232
       Unarmed           |     1 |       |       |       |       ||     1
       Dagger            |     9 |    11 |    26 |       |       ||    46
       Peck              |       |     1 |     5 |    24 |   133 ||   163
       Glaive            |       |     5 |    50 |       |       ||    55
       Halberd           |       |       |     1 |   186 |   465 ||   652
 Fire: Blowgun           |       |       |       |       |     2 ||     2
Throw: Tomahawk          |     7 |    20 |    20 |     8 |     9 ||    64
       Throwing net      |       |       |       |       |     1 ||     1
 Cast: Magic Dart        |    38 |    29 |    73 |    37 |    14 ||   191
       Searing Ray       |     1 |     7 |    14 |    15 |     5 ||    42
       Dazzling Spray    |       |     6 |     7 |     1 |    14 ||    28
       Mephitic Cloud    |       |       |     4 |     9 |    57 ||    70
       Conjure Flame     |       |       |     7 |    21 |    39 ||    67
       Blink             |       |       |       |     7 |     8 ||    15
       Iskenderun's Myst |       |       |       |     6 |    46 ||    52
       Fulminant Prism   |       |       |       |       |     4 ||     4
       Force Lance       |       |       |       |       |     2 ||     2
       Regeneration      |       |       |       |       |    21 ||    21
       Summon Butterflie |       |       |       |       |     1 ||     1
Invok: Slouch            |       |       |       |       |     9 ||     9
 Abil: Fly               |       |       |       |       |     2 ||     2
       Stop Flying       |       |       |       |       |     1 ||     1
Evoke: Wand              |       |       |     7 |    12 |    53 ||    72
  Use: Scroll            |       |       |    12 |     5 |    14 ||    31
       Potion            |       |       |       |     3 |    10 ||    13
 Stab: Sleeping          |       |     2 |       |     3 |       ||     5
       Confused          |       |       |     2 |    10 |    37 ||    49
       Paralysed         |       |       |       |       |     2 ||     2
       Held in net/web   |       |       |       |       |     2 ||     2
  Eat: Chunk             |       |     2 |     7 |     3 |     9 ||    21
Armor: Leather armour    |       |     4 |     4 |       |    10 ||    18
       Ring mail         |       |       |     7 |    30 |     1 ||    38
       Chain mail        |       |       |       |       |    57 ||    57
       Steam dragon scal |       |       |       |       |     6 ||     6
       Plate armour      |       |       |       |       |     3 ||     3
Dodge: Dodged            |     8 |    22 |    62 |   123 |   665 ||   880
